 Dungeon Crawl Stone Soup version 0.26.1-10-gdfb7c7de75 (webtiles) character file.

Game seed: 5261858162705076568

236 Almogavar the Magician (level 6, 0/50 HPs)
             Began as a Gnoll Wanderer on Apr 2, 2021.
             Blown up by Pikel (15 damage)
             ... with a disintegration bolt
             ... on level 4 of the Dungeon.
             The game lasted 00:16:21 (3845 turns).

Almogavar the Magician (Gnoll Wanderer)             Turns: 3845, Time: 00:16:21

Health: 0/50       AC:  8    Str: 14    XL:     6   Next: 6%
Magic:  1/13       EV: 10    Int: 16    God:
Gold:   119        SH:  0    Dex: 15    Spells: 14/15 levels left

rFire    . . .     SeeInvis .   m - +0 short sword (speed)
rCold    . . .     Faith    .   (no shield)
rNeg     . . .     Spirit   .   d - +2 scale mail
rPois    .         Reflect  .   (no helmet)
rElec    .         Harm     .   (no cloak)
rCorr    .         Rampage  .   (no gloves)
Will     .....                  (no boots)
Stlth    ++........             (no amulet)
HPRegen  0.16/turn              f - ring of stealth
MPRegen  0.13/turn              (no ring)

@: lethally poisoned (0 -> 0), very slightly contaminated
A: distributed training, fangs 1, strong nose
a: no special abilities


You were on level 4 of the Dungeon.
You visited 1 branch of the dungeon, and saw 4 of its levels.

You collected 119 gold pieces.

Inventory:

Hand Weapons
 m - a +0 short sword of speed (weapon)
Armour
 d - a +2 scale mail (worn)
Jewellery
 f - a ring of stealth (left hand)
Scrolls
 c - 2 scrolls of teleportation
 g - 4 scrolls of remove curse
 h - 2 scrolls of blinking
 i - a scroll of amnesia
 k - a scroll of immolation {unknown}
 p - 3 scrolls of magic mapping {unknown}
 q - 2 scrolls of random uselessness {unknown}
Potions
 a - 2 potions of magic
 b - 3 potions of curing
 j - a potion of cancellation
 l - 3 potions of might
 n - a potion of lignification {unknown}
 r - a potion of attraction {unknown}


   Skills:
 + Level 4.9 Fighting
 + Level 1.8 Short Blades
 + Level 1.8 Long Blades
 + Level 1.8 Axes
 + Level 1.8 Maces & Flails
 + Level 1.8 Polearms
 + Level 1.8 Staves
 + Level 1.8 Slings
 + Level 1.8 Bows
 + Level 1.8 Crossbows
 + Level 3.1 Throwing
 + Level 3.1 Armour
 + Level 1.8 Dodging
 + Level 3.0 Stealth
 + Level 1.8 Shields
 + Level 1.8 Unarmed Combat
 + Level 5.3 Spellcasting
 + Level 2.5 Conjurations
 + Level 1.4 Hexes
 + Level 1.4 Summonings
 + Level 1.4 Necromancy
 + Level 1.4 Translocations
 + Level 1.4 Transmutations
 + Level 4.0 Fire Magic
 + Level 1.4 Ice Magic
 + Level 1.4 Air Magic
 + Level 1.4 Earth Magic
 + Level 1.4 Poison Magic
 + Level 2.0 Invocations
 + Level 1.8 Evocations


You had 14 spell levels left.
You knew the following spells:

 Your Spells              Type           Power        Failure   Level
a - Foxfire               Conj/Fire      56%          16%         1

Your spell library contained the following spells:

 Spells                   Type           Power        Failure   Level
 Corpse Rot               Necr/Air       N/A          45%         2
 Sublimation of Blood     Necr           4%           45%         2
 Inner Flame              Hex/Fire       13%          52%         3


Dungeon Overview and Level Annotations

Branches:
Dungeon (4/15)
 Temple: D:4-7

Altars:
Makhleb
Qazlal
Yredelemnul

Annotations:
D:4 Pikel


Innate Abilities, Weirdness & Mutations

Your experience applies equally to all skills.
You have very sharp teeth.
Your uncanny sense of smell can sniff out nearby items.


Message History

You conjure some foxfire!
A lemure comes into view.
Throw: 2 darts (poison)
Press: ? - help, Q - select action, (/) - cycle Shift-Dir - straight line, f - Pikel
Aim: Pikel, wielding a +2 whip of freezing, wearing a +0 robe and carrying a wand of disintegration (15) (lightly wounded, 55% to hit)
You throw a poisoned dart. The poisoned dart hits Pikel.
Pikel is poisoned.
Pikel is lightly wounded.
The foxfire hits Pikel.
Pikel is lightly wounded.
A lemure comes into view.
The foxfire hits Pikel.
Pikel is moderately wounded.
Throw: dart (poison)
Press: ? - help, Q - select action, (/) - cycle Shift-Dir - straight line, f/p - Pikel
Aim: Pikel, wielding a +2 whip of freezing, wearing a +0 robe and carrying a wand of disintegration (15) (wisps of flame, moderately wounded, poisoned, 53% to hit)
You throw a poisoned dart. The poisoned dart hits Pikel.
Pikel looks even sicker.
Pikel is moderately wounded.
You feel sick.
Pikel zaps a wand.
You are blasted!
You die...

.) #.#.....# .
........## #.
#.........
###.##.......###
......?........##
#...#...........
.....<........####
..#..............##
.#.......5...§.@.##
.......†...(†K.....#
..............§§§..#
....#....5.......###
....##........##....
....
#.........#....# ##.
...............##
.............##.#
.####........## ##


You could see Pikel (very poisoned) and 2 lemures.

Vanquished Creatures
  A howler monkey (D:4)
  Jessica (D:2)
  A worker ant (D:4)
  6 adders
  An ooze (D:2)
  4 worms
  6 leopard geckos
  4 giant cockroaches (D:2)
  10 goblins
  8 hobgoblins
  6 jackals
  10 kobolds
  A quokka (D:2)
  5 bats
  4 frilled lizards
  7 rats
75 creatures vanquished.

Vanquished Creatures (others)
  110 foxfires
110 creatures vanquished.

Grand Total: 185 creatures vanquished

Notes
Turn   | Place    | Note
-------+----------+-------------------------------------------
     0 | D:1      | Almogavar the Gnoll Wanderer began the quest for the Orb.
     0 | D:1      | Almogavar set off with the following items: a +0 dagger, a
                  | +2 scale mail; and the following spell memorised: Foxfire;
                  | and the following spells available to memorise: Inner
                  | Flame, Corpse Rot, Sublimation of Blood
     0 | D:1      | Reached XP level 1. HP: 20/20 MP: 6/6
   385 | D:1      | Reached XP level 2. HP: 26/26 MP: 7/7
   905 | D:2      | Found a burning altar of Makhleb.
  1169 | D:2      | Reached XP level 3. HP: 25/31 MP: 9/9
  1176 | D:2      | Reached skill level 5 in Spellcasting
  1730 | D:2      | Reached skill level 1 in Invocations
  1789 | D:2      | Found a basalt altar of Yredelemnul.
  1915 | D:2      | Reached skill level 1 in Short Blades
  1915 | D:2      | Reached skill level 1 in Long Blades
  1915 | D:2      | Reached skill level 1 in Axes
  1915 | D:2      | Reached skill level 1 in Maces & Flails
  1915 | D:2      | Reached skill level 1 in Polearms
  1915 | D:2      | Reached skill level 1 in Staves
  1915 | D:2      | Reached skill level 1 in Slings
  1915 | D:2      | Reached skill level 1 in Bows
  1915 | D:2      | Reached skill level 1 in Crossbows
  1915 | D:2      | Reached skill level 1 in Dodging
  1915 | D:2      | Reached skill level 1 in Shields
  1915 | D:2      | Reached skill level 1 in Unarmed Combat
  1915 | D:2      | Reached skill level 1 in Evocations
  1925 | D:2      | Reached XP level 4. HP: 11/38 MP: 2/11
  2181 | D:2      | Noticed Jessica
  2183 | D:2      | Found a stormy altar of Qazlal.
  2194 | D:2      | Killed Jessica
  2195 | D:2      | Reached skill level 1 in Hexes
  2195 | D:2      | Reached skill level 1 in Summonings
  2195 | D:2      | Reached skill level 1 in Necromancy
  2195 | D:2      | Reached skill level 1 in Translocations
  2195 | D:2      | Reached skill level 1 in Transmutations
  2195 | D:2      | Reached skill level 1 in Ice Magic
  2195 | D:2      | Reached skill level 1 in Air Magic
  2195 | D:2      | Reached skill level 1 in Earth Magic
  2195 | D:2      | Reached skill level 1 in Poison Magic
  2829 | D:3      | Reached XP level 5. HP: 43/43 MP: 8/12
  3828 | D:4      | Reached XP level 6. HP: 20/50 MP: 4/13
  3835 | D:4      | Noticed Pikel
  3845 | D:4      | Blown up by Pikel

Illustrated notes

Levels and vault maps discovered:
D:1:      amcnicky_arrival_underground_garden, layout_loops_ring
D:2:      layout_rooms, nicolae_overflow_crystal_walls, grunt_qazlal_sundering,
          lemuel_round_altar, minmay_quadrilaterals, uniq_jessica
D:3:      layout_loops_corners, kennysheep_small_spiral, grunt_ministairs_4
D:4:      corexii_shantytown, layout_cave_pools, old_standard_altar,
          nicolae_gozag_seed_capital, minmay_temple_entry_antechambers,
          uniq_robin, uniq_sigmund, uniq_pikel, uniq_grinder

Skill      XL: |  1  2  3  4  5 |
---------------+----------------+-----
Conjurations   | 2 |  2.5
Spellcasting   | 5 |  5.3
Invocations    | 1 2 |  2.0
Short Blades   | 1 |  1.8
Long Blades    | 1 |  1.8
Axes           | 1 |  1.8
Maces & Flails | 1 |  1.8
Polearms       | 1 |  1.8
Staves         | 1 |  1.8
Slings         | 1 |  1.8
Bows           | 1 |  1.8
Crossbows      | 1 |  1.8
Dodging        | 1 |  1.8
Shields        | 1 |  1.8
Unarmed Combat | 1 |  1.8
Evocations     | 1 |  1.8
Hexes          | 1 |  1.4
Summonings     | 1 |  1.4
Necromancy     | 1 |  1.4
Translocations | 1 |  1.4
Transmutations | 1 |  1.4
Ice Magic      | 1 |  1.4
Air Magic      | 1 |  1.4
Earth Magic    | 1 |  1.4
Poison Magic   | 1 |  1.4
Throwing       | 3 |  3.1
Armour         | 3 |  3.1
Fire Magic     | 4 |  4.0
Stealth        | 3 |  3.0
Fighting       | |  4.9

Action                   |  1- 3 |  4- 6 || total
-------------------------+-------+-------++-------
Melee: Dagger            |   137 |       ||   137
       Bite              |    16 |     6 ||    22
       Short sword       |    16 |    96 ||   112
Throw: Dart              |       |     2 ||     2
 Cast: Foxfire           |    22 |    46 ||    68
  Use: Potion            |     2 |       ||     2
       Scroll            |       |     7 ||     7
 Stab: Sleeping          |     4 |     4 ||     8
Armor: Scale mail        |   103 |    53 ||   156
Dodge: Dodged            |    81 |    48 ||   129
